 Dungeon Crawl Stone Soup version 0.31-a0-1074-g0b22e4e0f1 (webtiles) character file.

Game seed: 17787020046848227256

361 Jeffwins the Shooter (level 6, -4/48 HPs)
             Began as an Armataur Hunter on Nov 27, 2023.
             Slain by a black bear (5 damage)
             ... on level 6 of the Dungeon.
             The game lasted 00:05:32 (3643 turns).

Jeffwins the Shooter (Armataur Hunter)              Turns: 3643, Time: 00:05:34

Health: -4/48      AC: 10    Str: 16    XL:     6   Next: 38%
Magic:  8/8        EV:  9    Int: 12    God:
Gold:   233        SH:  0    Dex: 13    Spells: 4/7 levels left

rFire   . . .        a - +0 shortbow
rCold   . . .        (shield currently unavailable)
rNeg    . . .        c - +0 leather armour
rPois   .            (no helmet)
rElec   .            t - +2 cloak
rCorr   .            h - +2 pair of gloves
SInv    .            (no barding)
Will    .....        (no amulet)
Stlth   +            (no ring)
HPRegen 0.28/turn    (no ring)
MPRegen 0.11/turn

%: roll
@: no status effects
A: large, deformed body, tough skin 3, armoured tail, roll 1, long tongue
a: no special abilities


You were on level 6 of the Dungeon.
You visited 1 branch of the dungeon, and saw 6 of its levels.

You collected 233 gold pieces.


Innate Abilities, Weirdness & Mutations

Armour fits poorly on your strangely shaped body.
You have extremely tough skin. (AC +3)
You have a long armoured tail.
You roll when moving toward enemies. (Rampage)
Your long tongue fully drains potion bottles. (2x potion effects)


   Skills:
 - Level 1.7 Fighting
 * Level 4.6 Ranged Weapons
 - Level 1.3 Dodging
 - Level 1.1 Stealth
 * Level 1.3 Spellcasting
 * Level 1.5 Conjurations
 * Level 1.6 Air Magic
 * Level 1.6 Poison Magic
 + Level 1.6 Evocations


You had 4 spell levels left.
You knew the following spells:

 Your Spells              Type           Power      Damage    Failure   Level
m - Mephitic Cloud        Conj/Pois/Air  4%         N/A       50%         3

Your spell library contained the following spells:

 Spells                   Type           Power      Damage    Failure   Level
 Poisonous Vapours        Pois/Air       8%         N/A       28%         2
 Freezing Cloud           Conj/Ice/Air   1%         6-21      100%        5

Inventory:

Hand Weapons
 a - a +0 shortbow (weapon)
 n - a +1 dagger of draining
Armour
 c - a +0 leather armour (worn)
 h - a +2 pair of gloves (worn)
 k - a scarf of shadows
 t - a +2 cloak (worn)
Magical Staves
 f - a staff of fire
Wands
 s - a wand of polymorph (5)
Scrolls
 b - 2 scrolls of butterflies
 d - 3 scrolls of noise {unknown}
 e - a scroll of identify {@r1}
 i - a scroll of brand weapon
 m - 2 scrolls of immolation {unknown}
 o - 2 scrolls of amnesia
 p - 2 scrolls of poison {unknown}
 q - 3 scrolls of teleportation {@r4}
 r - a scroll of torment {!r}
 u - a scroll of enchant armour
 v - 2 scrolls of blinking {unknown}
 x - a scroll of silence {!r}
 y - a scroll of fear
Potions
 g - 2 potions of curing {unknown}
 j - a potion of mutation {unknown}
 l - 2 potions of haste {unknown}
 w - a potion of lignification {unknown}
 z - a potion of degeneration {unknown}
 A - 3 potions of might {unknown}

Dungeon Overview and Level Annotations

Branches:
Dungeon (6/15)
 Temple: D:4-7

Altars:
Ashenzari
Dithmenos
Elyvilon

Shops:
D:5

::
#...........#
#...........#
#...........#
#...........#
#...........#
#...........#
#...........#
##.#######+##
#@# #h# #.#
#.# ##.####.#
#.......#
#..######
#.... .......


You could see a black bear (berserk).


Message History

Aim: a black bear (severely wounded, berserk, 67% to hit)
You shoot an arrow. The arrow barely misses the black bear.
The black bear bites you but does no damage.
The black bear barely misses you.
The black bear claws you but does no damage.
The black bear bites you!
* * * LOW HITPOINT WARNING * * *
The black bear barely misses you. The black bear claws you.
* * * LOW HITPOINT WARNING * * *
Fire: a) +0 shortbow
Press: ? - help, Q - select action, (/) - cycle Shift-Dir - straight line, f/p - black bear
Aim: a black bear (severely wounded, berserk, 67% to hit)
You shoot an arrow. The arrow barely misses the black bear.
The black bear bites you.
* * * LOW HITPOINT WARNING * * *
The black bear claws you but does no damage.
The black bear closely misses you.
Fire: a) +0 shortbow
Press: ? - help, Q - select action, (/) - cycle Shift-Dir - straight line, f/p - black bear
Aim: a black bear (severely wounded, berserk, 67% to hit)
You shoot an arrow. The arrow hits the black bear!
The black bear is almost dead.
The black bear barely misses you. The black bear claws you.
* * * LOW HITPOINT WARNING * * *
The black bear claws you.
* * * LOW HITPOINT WARNING * * *
The black bear bites you.
* * * LOW HITPOINT WARNING * * *
The black bear claws you.
You die...

Skill      XL: |  1  2  3  4  5 |
---------------+----------------+-----
Ranged Weapons | 3 4 |  4.6
Evocations     | 1 |  1.6
Air Magic      | 1 |  1.6
Poison Magic   | 1 |  1.6
Conjurations   | 1 |  1.5
Spellcasting   | 1 |  1.3
Fighting       | |  1.7
Dodging        | |  1.3
Stealth        | |  1.1

Action                     |  1- 3 |  4- 6 || total
---------------------------+-------+-------++-------
   Fire: Shortbow          |   168 |   225 ||   393
    Use: Scroll            |       |     8 ||     8
 Armour: Leather armour    |    78 |   124 ||   202
  Dodge: Dodged            |    65 |    82 ||   147

Levels and vault maps discovered:
D:1:      giann_bridges, layout_loops_ring
D:2:      layout_rooms, chequers_ecumenical_altar_lobes,
          small_statue_intersection, minmay_small_reverse_x
D:3:      layout_rooms, nicolae_elyvilon_temple_path,
          gammafunk_temple_overflow_wave, kennysheep_generic_room_3
D:4:      kennysheep_six_static_rooms, layout_loops_ring,
          hangedman_abyss_or_decor_slice
D:5:      layout_gridville, nicolae_custom_books, nicolae_shop_i_like_big_books,
          hex_tiny
D:6:      layout_basic, enter_ossuary_2, minmay_three_doors

Notes
Turn   | Place    | Note
-------+----------+-------------------------------------------
     0 | D:1      | Jeffwins the Armataur Hunter began the quest for the Orb.
     0 | D:1      | Reached XP level 1. HP: 17/17 MP: 1/1
   139 | D:1      | Reached skill level 3 in Ranged Weapons
   438 | D:1      | Reached XP level 2. HP: 24/24 MP: 2/2
   751 | D:2      | Reached XP level 3. HP: 29/29 MP: 3/3
   972 | D:2      | Reached skill level 4 in Ranged Weapons
  1255 | D:2      | Found a faded altar of an unknown god.
  1484 | D:3      | Reached XP level 4. HP: 36/36 MP: 4/4
  1519 | D:3      | Found a white marble altar of Elyvilon.
  1715 | D:3      | Found a shadowy altar of Dithmenos.
  1715 | D:3      | Found a broken altar of Ashenzari.
  1788 | D:3      | Learned a level 3 spell: Mephitic Cloud
  2013 | D:4      | Reached skill level 1 in Evocations
  2152 | D:4      | Reached XP level 5. HP: 41/41 MP: 5/5
  2628 | D:5      | Entered Level 5 of the Dungeon
  2864 | D:5      | Reached skill level 1 in Air Magic
  2864 | D:5      | Reached skill level 1 in Poison Magic
  2898 | D:5      | Found Goqoh's Self-Published Books.
  3019 | D:5      | Found Penoaw's Tremendous Tomes.
  3053 | D:5      | Reached skill level 1 in Conjurations
  3242 | D:5      | Reached skill level 1 in Spellcasting
  3388 | D:5      | Reached XP level 6. HP: 48/48 MP: 7/7
  3534 | D:6      | Noticed an ice beast
  3643 | D:6      | HP: 4/48 [black bear (2)]
  3643 | D:6      | HP: 1/48 [black bear (3)]
  3643 | D:6      | Slain by a black bear

Vanquished Creatures
  An ogre (D:6)
  2 hounds (D:5)
  An iguana (D:5)
  An orc wizard (D:5)
  A gnoll (D:4)
  4 adders
  2 ufetubi (D:5)
  5 worms
  4 dart slugs
  13 orcs
  5 ball pythons
  5 bats
  4 endoplasms
  3 giant cockroaches
  4 goblins
  5 hobgoblins
  10 jackals
  4 kobolds
  4 quokkas
  A frilled lizard (D:2)
  5 rats
84 creatures vanquished.

Table legend: (Time is in decaauts)
 A = Elapsed time spent in this place.
 B = Non-inter-level travel time spent in this place.
 C = Inter-level travel time spent in this place.
 D = Time resting spent in this place.
 E = Time spent auto-exploring this place.
 F = Levels seen in this place.
 G = Mean time per level.
                   A        B        C        D        E       F      G
               +--------+--------+--------+--------+--------+-----+--------+
         Total |   3729 |   3526 |    203 |     57 |   2705 |   6 |  621.5 |
       Dungeon |   3729 |   3526 |    203 |     57 |   2705 |   6 |  621.5 |
               +--------+--------+--------+--------+--------+-----+--------+

Top non-repeatable levels by time:
     D:5: 899 daAuts
     D:2: 844 daAuts
     D:4: 791 daAuts
     D:1: 600 daAuts
     D:3: 478 daAuts
     D:6: 115 daAuts

Table legend:
 A = Non-vault XP
 B = Vault XP
 C = Vault XP percentage of total XP
 D = Non-vault monster count
 E = Vault monster count
 F = Vault count percentage of total count
                 A         B        C        D         E       F
            +---------+---------+-------+---------+---------+-------
      Total |     469 |      48 |   9.3 |      72 |      12 |  14.3
            +---------+---------+-------+---------+---------+-------
        D:1 |      12 |       0 |   0.0 |       6 |       0 |   0.0
        D:2 |      69 |       8 |  10.4 |      25 |       4 |  13.8
        D:3 |      42 |       3 |   6.7 |      15 |       2 |  11.8
        D:4 |      39 |      37 |  48.7 |      10 |       6 |  37.5
        D:5 |     191 |       0 |   0.0 |      15 |       0 |   0.0
        D:6 |     116 |       0 |   0.0 |       1 |       0 |   0.0
            +---------+---------+-------+---------+---------+-------
